 Dungeon Crawl Stone Soup version 0.19-a0-1792-g28b16ba (webtiles) character file.

637 epen the Insei (level 7, 0/49 HPs)
             Began as an Octopode Monk on Oct 4, 2016.
             Splashed by a jelly's acid (10 damage)
             ... on level 4 of the Dungeon.
             The game lasted 00:08:07 (3792 turns).

epen the Insei (Octopode Monk)                      Turns: 3792, Time: 00:08:11

Health: 0/49       AC:  1    Str: 10    XL:     7   Next: 50%
Magic:  7/7        EV: 17    Int: 13    God:
Gold:   192        SH:  0    Dex: 16    Spells: 0 memorised, 6 levels left

rFire  . . .     SeeInvis .       - Unarmed
rCold  . . .     Gourm    .     (no shield)
rNeg   . . .     Faith    .     (helmet restricted)
rPois  .         Spirit   .     (no amulet)
rElec  .         Dismiss  .     (no ring)
rCorr  .         Reflect  .     (no ring)
MR     .....     Harm     .     (no ring)
Stlth  +++.......               (no ring)
                                (no ring)
                                (no ring)
                                (no ring)
                                (no ring)

@: no status effects
A: almost no armour, stealthy swim, amphibious, 8 rings, constrict 8, camouflage
1, gelatinous body 1
a: no special abilities


You were on level 4 of the Dungeon.
You were not hungry.

You visited 1 branch of the dungeon, and saw 5 of its levels.
You also visited: Sewer.

You collected 192 gold pieces.

Inventory:

Jewellery
 b - an uncursed amulet of faith
Wands
 i - a wand of slowing (17/48)
 j - a wand of flame (45/48)
Scrolls
 d - 3 scrolls of remove curse
 f - a scroll of enchant weapon
 g - 2 scrolls of recharging
 l - a scroll of fear {unknown}
 m - a scroll of teleportation {unknown}
 n - 3 scrolls of fog {unknown}
 q - 2 scrolls of identify
 s - a scroll of magic mapping {unknown}
 v - 2 scrolls of enchant armour {unknown}
Potions
 c - 2 potions of might
 k - 2 potions of haste
 o - 2 potions of flight {unknown}
 p - 2 potions of magic
 t - a potion of invisibility {unknown}
 u - 2 potions of mutation {unknown}
 x - a potion of cure mutation {unknown}
 z - a potion of degeneration {unknown}
Books
 e - a book of Maledictions

   Spells                             Type                      Level
   a - Corona                         Hexes                        1
   b - Ensorcelled Hibernation        Hexes/Ice                    2
   c - Confuse                        Hexes                        3
   d - Tukima's Dance                 Hexes                        3
   e - Dazzling Spray                 Conjuration/Hexes            3
Comestibles
 a - 3 bread rations
 h - 2 meat rations
 r - a slice of pizza
 w - 4 chunks of flesh


   Skills:
 + Level 4.6 Fighting
 * Level 5.7 Dodging
 - Level 2.6 Stealth
 * Level 5.8 Unarmed Combat


You had 6 spell levels left.
You didn't know any spells.

Dungeon Overview and Level Annotations

Branches:
Dungeon (5/15)
 Temple: D:4-7

Altars:
Fedhas

Annotations:
D:3 epen's ghost, amateur MfMo


Innate Abilities, Weirdness & Mutations

You cannot wear most types of armour.
You are very stealthy in the water.
You are amphibious.
You can wear up to eight rings at the same time.
You can use your tentacles to constrict eight enemies at once.
Your skin changes colour to match your surroundings (Stealth+).
Your rubbery body absorbs attacks. (AC +1, EV +1)


Message History

You tentacle-slap the iguana.
The iguana is almost dead.
You constrict the iguana.
You kill the iguana!
You tentacle-slap the jelly.
Your tentacles burn!
The jelly is lightly wounded.
The jelly misses you.
You tentacle-slap the jelly.
Your tentacles burn!
The jelly is moderately wounded.
The jelly misses you.
You tentacle-slap the jelly.
Your tentacles burn!
The jelly is heavily wounded.
The jelly completely misses you.
You tentacle-slap the jelly.
Your tentacles burn!
* * * LOW HITPOINT WARNING * * *
The jelly is almost dead.
The jelly hits you.
* * * LOW HITPOINT WARNING * * *
You are splashed with acid!
The acid burns!
You die...

.........#..##...#...# #.........
............##...#...#.#.#...##..
######.#.##.##...#...#.#.#...##..
######.#.##.##...#...#.#.#...##..
.................................
######.####.##...................
..............<..#...#.#.#.......
###########.##.#.# # #........#
#.##.#@# ###.#.####
#.##.#!J...... ....#
#.##.###..##.###.### #.##.. ....
... #.##.# .!... ... ####.# .##.#
#### ### # #


You could see a jelly.

Vanquished Creatures
  An ogre (D:4)
  4 big kobolds (Sewer)
  A centaur skeleton (D:4)
  An orc wizard (D:5)
  An orc priest (D:4)
  An iguana (D:4)
  A howler monkey skeleton (D:4)
  5 adders
  2 oozes (Sewer)
  4 worms
  A leopard gecko (D:2)
  10 orcs
  4 giant cockroaches
  5 goblins
  5 hobgoblins
  2 quokkas (D:4)
  3 ball pythons
  10 bats
  4 frilled lizards
  12 kobolds
  11 rats
88 creatures vanquished.

Notes
Turn   | Place    | Note
-------+----------+-------------------------------------------
     0 | D:1      | epen the Octopode Monk began the quest for the Orb.
     0 | D:1      | Reached XP level 1. HP: 16/16 MP: 1/1
   293 | D:1      | Reached XP level 2. HP: 21/21 MP: 2/2
   294 | D:1      | kakim
   743 | D:1      | Reached XP level 3. HP: 22/26 MP: 3/3
  1491 | D:2      | Reached XP level 4. HP: 21/31 MP: 4/4
  1734 | D:3      | Noticed epen's ghost (amateur MfMo)
  1735 | D:3      | hi
  1735 | D:3      | i am u
  1940 | D:3      | Found a glowing drain.
  1993 | Sewer    | Entered a sewer
  2203 | Sewer    | Noticed a big kobold
  2204 | Sewer    | Noticed a big kobold
  2206 | Sewer    | zzZzzzzZZz...
  2206 | Sewer    | (-_-)
  2384 | Sewer    | Killed a big kobold
  2384 | Sewer    | Reached XP level 5. HP: 37/37 MP: 5/5
  2388 | Sewer    | Killed a big kobold
  2388 | Sewer    | Reached XP level 6. HP: 38/43 MP: 6/6
  2456 | Sewer    | Reached skill level 5 in Dodging
  2456 | Sewer    | Reached skill level 5 in Unarmed Combat
  2927 | D:5      | Entered Level 5 of the Dungeon
  3157 | D:5      | Reached XP level 7. HP: 37/48 MP: 7/7
  3460 | D:4      | Found a blossoming altar of Fedhas.
  3792 | D:4      | Splashed by a jelly's acid

Vault maps used:
D:1:      dpeg_arrival_snail
D:2:      nicolae_overflow_hidden_temple
D:3:      first_bread, gup_sewer_entry_glass, minmay_distorted
D:4:      fedhas_altar_1
D:5:      wad_pebble_path, corner_web_ring, nicolae_ru_path_of_blood
Sewer:    sewer_co_15_rooms

Skill      XL: |  1  2  3  4  5  6 |
---------------+-------------------+-----
Unarmed Combat | 4 5 |  5.8
Dodging        | 4 5 |  5.7
Fighting       | 4 |  4.6
Stealth        | |  2.6

Action                   |  1- 3 |  4- 6 |  7- 9 || total
-------------------------+-------+-------+-------++-------
Melee: Unarmed           |    73 |   111 |    51 ||   235
       Constrict         |    24 |    25 |     8 ||    57
       Tentacles         |    15 |    19 |    11 ||    45
       Punch             |       |     5 |     3 ||     8
Evoke: Wand              |       |       |     4 ||     4
  Use: Potion            |     1 |     4 |       ||     5
       Scroll            |       |     8 |       ||     8
 Stab: Sleeping          |    12 |     8 |     3 ||    23
  Eat: Chunk             |     2 |     4 |     3 ||     9
Armor: Skin              |     7 |     2 |     3 ||    12
Dodge: Dodged            |    38 |    76 |    29 ||   143
